 Dungeon Crawl Stone Soup version 0.21-a0-140-g479285b (webtiles) character file.

235 tof the Poker (level 5, -5/47 HPs)
             Began as a Minotaur Berserker on July 20, 2017.
             Was a Believer of Trog.
             Killed from afar by a bog mummy (8 damage)
             ... with a puff of frost
             ... on level 4 of the Dungeon.
             The game lasted 00:05:08 (2726 turns).

tof the Poker (Minotaur Berserker)                  Turns: 2726, Time: 00:05:09

Health: -5/47      AC:  6    Str: 22    XL:     5   Next: 76%
Magic:  4/4        EV: 12    Int:  4    God:    Trog [**....]
Gold:   162        SH:  0    Dex: 10    Spells: 4/4 levels left

rFire    + . .     SeeInvis .   a - +0 spear
rCold    . . .     Gourm    .   (no shield)
rNeg     . . .     Faith    .   n - +0 ring mail {rF+}
rPois    .         Spirit   .   (helmet restricted)
rElec    .         Reflect  .   (no cloak)
rCorr    +         Harm     .   (no gloves)
MR       .....                  (no boots)
Stlth    ..........             (no amulet)
HPRegen  0.15/turn              h - ring of resist corrosion
MPRegen  0.09/turn              r - ring of flight

@: slowed, very slow
A: retaliatory headbutt, horns 2
a: Berserk, Trog's Hand, Burn Spellbooks, Renounce Religion, Evoke Flight


You were on level 4 of the Dungeon.
You worshipped Trog.
Trog was pleased with you.
You were not hungry.

You visited 1 branch of the dungeon, and saw 4 of its levels.
You also visited: Ossuary.

You collected 162 gold pieces.

Inventory:

Hand Weapons
 a - a +0 spear (weapon)
Armour
 n - a +0 ring mail of fire resistance (worn)
Jewellery
 h - a ring of resist corrosion (left hand)
 r - a ring of flight (right hand)
Scrolls
 d - 5 scrolls of remove curse
 f - a scroll of magic mapping
 i - a scroll of enchant armour
 k - 3 scrolls of teleportation {unknown}
 p - a scroll of recharging
Potions
 b - 3 potions of curing {unknown}
 e - a potion of brilliance
 m - 3 potions of agility {unknown}
Comestibles
 c - 4 bread rations
 q - 2 royal jellies
 s - 8 fruits


   Skills:
 + Level 4.6 Fighting
 * Level 5.2 Polearms
 * Level 5.0 Armour
 + Level 3.1 Dodging


You had 4 spell levels left.
You didn't know any spells.

Dungeon Overview and Level Annotations

Branches:
Dungeon (4/15)
 Temple: D:4-7

Altars:
Trog


Innate Abilities, Weirdness & Mutations

You reflexively headbutt those who attack you in melee.
You have a pair of horns on your head.


Message History

The bog mummy hits you!
* * * LOW HITPOINT WARNING * * *
The bog mummy casts a spell at you. You resist with some effort.
The bog mummy closely misses you. The bullfrog zombie hits you.
* * * LOW HITPOINT WARNING * * *
There is an empty arch of ancient stone, spattered with blood here.
The bullfrog zombie hits you but does no damage.
There is a gate leading back out of this place here.
The bullfrog zombie hits you.
* * * LOW HITPOINT WARNING * * *
Welcome back to the Dungeon!
There is a collapsed entrance here.
You see here 15 stones.
There is an open door here.
The bog mummy gestures at you while chanting.
You feel as though you will be slow longer.
The bog mummy gestures at you while chanting.
The puff of frost hits you!
You die...

#........,,,,,,,*
#.##.##.#***,,,,,
#.#*...,* ***,**
#.#**##.# ***,**
###.#####.# *,,,,,
#.........# *,,,,,
#.#######.# *,,,,,
##.## **,* *,,,,,
##..@## *,,* *,,,,,
##..#..## *,** ******
##..###..###,*
#..##.##...#,#
#.##..(##..#.###* *
#..##.#M.M......#******
##..###..(##.#...,,,,,,
##..#..#.#*.#,,#******
#....##.#*,.,,* *


You could see a bog mummy.

Vanquished Creatures
  A wyvern zombie (Ossuary)
  Terence (D:2)
  Jessica (D:2)
  4 gnolls (D:3)
  2 adders
  A worm (D:3)
  A leopard gecko (D:2)
  4 orcs
  A ball python (D:1)
  3 giant cockroaches
  6 goblins
  6 hobgoblins
  9 jackals
  4 kobolds
  2 quokkas (D:2)
  7 bats
  7 rats
60 creatures vanquished.

Vanquished Creatures (others)
  A withered plant (Ossuary)
1 creature vanquished.

Grand Total: 61 creatures vanquished

Notes
Turn   | Place    | Note
-------+----------+-------------------------------------------
     0 | D:1      | tof the Minotaur Berserker began the quest for the Orb.
     0 | D:1      | Reached XP level 1. HP: 19/19 MP: 0/0
   398 | D:1      | Reached XP level 2. HP: 16/27 MP: 1/1
  1188 | D:2      | Noticed Terence
  1199 | D:2      | Killed Terence
  1199 | D:2      | Reached XP level 3. HP: 33/33 MP: 2/2
  1309 | D:2      | Noticed Jessica
  1315 | D:2      | Killed Jessica
  1315 | D:2      | Reached ** piety under Trog
  1315 | D:2      | Reached XP level 4. HP: 37/40 MP: 3/3
  1664 | D:2      | Found a bloodstained altar of Trog.
  2028 | D:3      | Reached XP level 5. HP: 40/47 MP: 4/4
  2398 | D:3      | Found a faded altar of an unknown god.
  2696 | D:4      | Found a sand-covered staircase.
  2700 | Ossuary  | Entered an ossuary
  2708 | Ossuary  | Reached skill level 5 in Polearms
  2708 | Ossuary  | Reached skill level 5 in Armour
  2717 | Ossuary  | HP: 1/47 [bullfrog zombie (3)]
  2726 | D:4      | Killed from afar by a bog mummy

Vault maps used:
D:1:      lightli_arrival_noodles, kennysheep_boxes
D:2:      trog_butcher_becter, uniq_jessica, uniq_terence
D:3:      chequers_ecumenical_altar_grove, first_bread
D:4:      enter_ossuary_5
Ossuary:  ossuary_zaba_flooded

Skill      XL: |  1  2  3  4  5 |
---------------+----------------+-----
Armour         | 3 4 5 |  5.0
Polearms       | 4 5 |  5.2
Fighting       | 4 |  4.6
Dodging        | 3 |  3.1

Action                   |  1- 3 |  4- 6 || total
-------------------------+-------+-------++-------
Melee: Spear             |    79 |    96 ||   175
       Headbutt          |    11 |    19 ||    30
Invok: Berserk           |     1 |       ||     1
  Use: Scroll            |       |     8 ||     8
  Eat: Chunk             |     2 |     4 ||     6
       Bread ration      |       |     1 ||     1
Armor: Animal skin       |     2 |       ||     2
       Ring mail         |    17 |    19 ||    36
Dodge: Dodged            |    33 |    39 ||    72
